Map: Welt der Schläfer LE

Players

Rail

  • Race: Protoss Protoss
  • Spawn Location: 1:00

HateMe - Winner!

  • Race: Zerg Zerg
  • Spawn Location: 7:00

Event: IEM Katowice 2020

VOD

Have the link to the VOD?

Description

Time

  • Played on: Feb. 25, 2020, 11:39 a.m.
  • Length: 15:22

All games in this series

Show
View Real Time Build Order
Export as new Build Order

Rail Protoss 

Build Orders: 1 Gate Expand, Oracle Opening, Phoenix Opening, Mass Phoenix 

Get SALT Encoding   

  12  0:00  Probe  
  13  0:13  Probe  
  14  0:18  Pylon  
  14  0:25  Probe (Chrono Boost)  
  15  0:37  Probe (Chrono Boost)  
  15  0:40  Gateway  
  16  0:45  Probe (Chrono Boost)  
  17  0:51  Probe  
  17  0:52  Assimilator  
  18  0:59  Pylon  
  18  1:03  Probe  
  20  1:28  Nexus  
  19  1:37  Cybernetics Core  
  19  1:40  Probe  
  20  1:48  Assimilator  
  20  1:52  Probe  
  21  1:55  Pylon  
  21  2:04  Probe  
  22  2:10  Adept (Chrono Boost)  
  24  2:17  Probe  
  25  2:25  Stargate  
  25  2:29  Probe  
  26  2:30  Adept (Chrono Boost)  
  28  2:39  Probe  
  28  2:40  Warp Gate  
  28  2:41  Probe  
  30  2:51  Probe  
  30  2:53  Probe  
  30  2:54  Adept  
  34  3:04  Probe  
  35  3:06  Probe  
  35  3:07  Phoenix (Chrono Boost)  
  38  3:16  Probe  
  38  3:17  Gateway  
  38  3:18  Probe  
  40  3:26  Pylon  
  40  3:30  Oracle  
  40  3:31  Probe  
  40  3:34  Probe  
  45  3:43  Probe  
  45  3:46  Probe  
  47  3:52  Assimilator  
  47  3:55  Probe (Chrono Boost), Pylon  
  47  3:56  Assimilator  
  47  3:58  Stargate  
  47  4:01  Probe (Chrono Boost)  
  49  4:07  Probe (Chrono Boost)  
  51  4:11  Probe (Chrono Boost)  
  51  4:14  Probe (Chrono Boost)  
  51  4:15  Phoenix  
  51  4:16  Probe (Chrono Boost)  
  54  4:22  Probe, Pylon  
  56  4:26  Probe  
  57  4:34  Pylon  
  58  4:40  Nexus  
  58  4:45  Phoenix (Chrono Boost)  
  59  4:47  Phoenix (Chrono Boost)  
  61  4:56  Shield Battery  
  61  5:00  Probe  
  61  5:02  Phoenix (Chrono Boost)  
  61  5:06  Phoenix (Chrono Boost)  
  66  5:17  Robotics Facility  
  66  5:20  Phoenix (Chrono Boost)  
  66  5:27  Pylon  
  70  5:30  Phoenix (Chrono Boost)  
  70  5:37  Phoenix  
  70  5:39  Probe x2  
  70  5:41  Robotics Facility  
  74  5:47  Pylon  
  74  5:51  Probe x2  
  74  5:54  Sentry, Zealot  
  74  5:55  Probe  
  81  6:03  Probe x2  
  83  6:07  Probe (Chrono Boost)  
  84  6:15  Immortal  
  84  6:16  Probe (Chrono Boost)  
  90  6:19  Probe (Chrono Boost)  
  90  6:20  Probe (Chrono Boost)  
  90  6:22  Twilight Council  
  90  6:25  Forge  
  92  6:26  Probe (Chrono Boost)  
  92  6:27  Probe (Chrono Boost)  
  92  6:29  Probe (Chrono Boost)  
  92  6:31  Probe (Chrono Boost)  
  95  6:32  Observer  
  95  6:33  Gateway  
  95  6:34  Probe  
  95  6:36  Gateway  
  95  6:39  Probe  
  98  6:42  Probe  
  98  6:45  Robotics Bay  
  98  6:46  Probe  
  100  6:50  Blink (Chrono Boost)  
  100  6:51  Probe, Sentry  
  100  6:52  Stalker  
  100  6:53  Protoss Ground Weapons Level 1 (Chrono Boost)  
  105  6:54  Probe, Assimilator  
  105  6:56  Pylon  
  105  6:58  Probe, Pylon, Assimilator  
  107  7:03  Probe  
  107  7:04  Gateway  
  107  7:06  Gateway  
  108  7:08  Pylon  
  108  7:14  Warp Prism (Chrono Boost)  
  110  7:27  Gateway  
  110  7:28  Gateway  
  110  7:30  Disruptor (Chrono Boost)  
  110  7:34  Gateway  
  113  7:37  Stalker  
  113  7:38  Stalker  
  113  7:41  Pylon  
  117  7:44  Pylon, Disruptor (Chrono Boost)  
  117  7:49  Photon Cannon  
  120  7:53  Stalker x2  
  124  8:00  Stalker x2  
  124  8:01  Stalker  
  130  8:05  Disruptor  
  130  8:06  Stalker  
  135  8:13  Pylon  
  135  8:14  Pylon  
  135  8:20  Disruptor  
  135  8:21  Nexus  
  138  8:28  Pylon  
  138  8:32  Shield Battery  
  138  8:34  Stalker  
  138  8:35  Photon Cannon, Stalker  
  138  8:39  Stalker x2  
  146  8:42  Stalker  
  148  8:49  Sentry x3  
  148  8:53  Shield Battery  
  154  8:58  Zealot x2, Stalker  
  160  9:04  Stalker x2  
  164  9:11  Probe x2  
  164  9:13  Pylon, Assimilator  
  166  9:18  Stalker  
  166  9:19  Stalker  
  170  9:25  Stalker  
  170  9:26  Protoss Ground Weapons Level 2 (Chrono Boost)  
  170  9:28  Pylon  
  172  9:31  Pylon  
  172  9:33  Stalker x3  
  178  9:42  Stalker  
  178  9:43  Stalker  
  182  9:50  Stalker x2  
  182  9:52  Disruptor  
  185  10:02  Stalker x3  
  185  10:03  Stalker  
  159  10:18  Stalker x5  
  122  10:36  Stalker x2  
  122  10:37  Disruptor x2 (Chrono Boost)  
  132  10:44  Zealot x2, Stalker  
  132  10:45  Zealot x3  
  144  11:11  Cybernetics Core  
  144  11:15  Nexus  
  144  11:18  Pylon  
  144  11:25  Gateway  
  144  11:26  Gateway  
  144  11:27  Charge  
  144  11:28  Gateway  
  156  11:37  Immortal x2  
  152  11:40  Zealot x3  
  152  11:43  Photon Cannon  
  152  11:44  Protoss Ground Weapons Level 3 (Chrono Boost)  
  152  11:45  Zealot x2  
  162  11:56  Templar Archives  
  162  12:02  Assimilator  
  162  12:06  Sentry  
  164  12:15  Pylon  
  164  12:26  Stalker x3  
  164  12:27  Stalker x3  
  165  12:31  Probe  
  165  12:32  Probe  
  148  12:38  Probe  
  148  12:44  Probe x2  
  148  12:50  High Templar x3  
  148  12:51  High Templar  
  158  12:52  High Templar x2  
  158  12:56  Probe x2, Archon x2  
  158  12:57  Archon  
  164  13:04  Zealot x2  
  167  13:06  Sentry  
  167  13:07  Zealot  
  167  13:12  Pylon  
  171  13:34  High Templar  
  171  13:35  High Templar x3  
  171  13:36  Zealot x2  
  171  13:38  Zealot x2  
  171  13:39  Archon  
  171  13:41  Archon  
  185  13:43  Zealot  
  187  13:52  Pylon  
  187  13:55  Pylon, Zealot  
  177  14:04  Zealot x2, Stalker  
  136  14:24  High Templar  
  136  14:25  High Templar x3  
  136  14:26  Zealot x3  
  136  14:28  Zealot  
  136  14:29  Archon x2  
  152  14:31  Zealot  
  152  14:35  Zealot  
  156  14:48  High Templar x2  
  156  14:51  Zealot  
  156  14:52  Archon, Zealot  
  164  14:54  High Templar  
  164  14:55  High Templar  
  164  14:57  Zealot  
  170  15:00  Archon, Zealot  
Show
View Real Time Build Order
Export as new Build Order

HateMe Zerg - Winner!

Build Orders: Hatch First 

Get SALT Encoding   

  12  0:00  Drone  
  13  0:12  Overlord  
  13  0:17  Drone  
  14  0:30  Drone x2  
  16  0:47  Hatchery  
  15  0:50  Drone  
  15  0:55  Drone  
  17  0:58  Drone  
  18  1:15  Spawning Pool  
  18  1:17  Extractor  
  16  1:22  Drone x2  
  18  1:32  Overlord  
  18  1:39  Drone  
  19  2:00  Drone  
  20  2:02  Queen x2  
  20  2:03  Zergling x2  
  20  2:07  Zergling x2  
  26  2:11  Drone  
  26  2:13  Drone  
  28  2:18  Metabolic Boost  
  28  2:23  Drone  
  28  2:26  Drone  
  30  2:42  Hatchery  
  29  2:46  Drone  
  29  2:49  Drone  
  29  2:50  Drone  
  32  2:54  Overlord  
  32  2:56  Drone  
  33  3:00  Drone  
  34  3:05  Queen  
  34  3:12  Overlord  
  36  3:13  Zergling x2  
  36  3:14  Zergling x2  
  36  3:16  Zergling x2  
  36  3:18  Drone  
  40  3:20  Drone  
  40  3:25  Drone x2  
  43  3:31  Overlord  
  43  3:35  Drone  
  43  3:39  Drone  
  45  3:44  Queen  
  47  3:49  Drone x2  
  47  3:50  Overlord  
  47  3:52  Drone  
  47  3:53  Queen  
  52  3:57  Spore Crawler  
  51  4:02  Spore Crawler  
  51  4:06  Spore Crawler, Drone x3  
  52  4:10  Overlord  
  52  4:16  Drone  
  53  4:21  Roach Warren  
  53  4:22  Queen  
  55  4:31  Zergling x6  
  55  4:34  Overlord  
  55  4:35  Drone x3  
  60  4:39  Drone  
  60  4:42  Drone x2  
  60  4:43  Drone  
  64  4:51  Extractor  
  64  4:52  Lair, Extractor  
  62  4:53  Drone x3  
  62  4:54  Drone  
  62  4:56  Drone  
  67  5:00  Drone x3  
  69  5:09  Overlord x2  
  69  5:11  Drone x4  
  69  5:13  Drone  
  74  5:21  Drone  
  74  5:22  Evolution Chamber  
  74  5:24  Overlord  
  74  5:38  Queen x2  
  74  5:42  Overlord  
  88  5:48  Spore Crawler  
  88  5:49  Spore Crawler x2  
  75  5:52  Zerg Melee Weapons Level 1  
  75  5:54  Drone x9  
  84  5:58  Hydralisk Den, Drone  
  84  6:01  Drone  
  83  6:09  Overlord  
  81  6:12  Drone x6  
  81  6:13  Drone  
  81  6:16  Extractor  
  85  6:23  Drone x5  
  90  6:26  Extractor  
  90  6:27  Extractor  
  89  6:32  Drone, Baneling Nest  
  89  6:33  Drone, Muscular Augments  
  89  6:37  Queen  
  91  6:43  Drone x2  
  93  6:49  Overlord x2  
  93  6:50  Overlord  
  93  6:51  Hydralisk  
  93  6:52  Hydralisk x4  
  93  6:53  Hatchery  
  102  6:55  Hydralisk x2  
  105  7:10  Hydralisk x7  
  119  7:23  Overlord x2  
  119  7:24  Drone x6  
  125  7:33  Drone x4  
  129  7:39  Centrifical Hooks, Overlord x2  
  129  7:42  Overlord  
  129  7:47  Zerg Melee Weapons Level 2  
  128  7:53  Grooved Spines  
  128  7:54  Hydralisk x5  
  128  7:57  Overlord  
  138  8:00  Zergling x6  
  141  8:07  Baneling x4  
  141  8:08  Zergling x10  
  141  8:12  Hydralisk x2  
  146  8:15  Zergling x6  
  153  8:21  Zergling x4  
  153  8:26  Zergling x4  
  156  8:30  Overlord  
  156  8:35  Zergling x10  
  156  8:41  Zergling x10  
  166  8:45  Baneling x7  
  166  8:46  Zergling x12  
  172  8:50  Zergling x2  
  172  8:51  Zergling x6  
  175  8:57  Zergling x2  
  175  9:01  Zergling x10  
  180  9:05  Baneling x16  
  180  9:06  Zergling x8  
  184  9:12  Zergling x12  
  184  9:16  Baneling x10  
  190  9:19  Overlord x2  
  190  9:24  Zergling x4  
  190  9:30  Baneling x7  
  191  9:39  Zergling x18  
  188  9:53  Zergling x20  
  188  9:59  Zergling x2  
  200  10:00  Zergling x6  
  191  10:07  Zergling x6  
  191  10:08  Zergling x4  
  191  10:11  Zergling x16  
  186  10:14  Zergling x2  
  186  10:19  Zergling x2  
  176  10:23  Hydralisk x3  
  176  10:26  Zerg Missile Weapons Level 1  
  176  10:27  Infestation Pit  
  173  10:30  Overseer x2  
  173  10:35  Zergling x2  
  154  10:36  Zergling x2  
  154  10:37  Zergling x14  
  154  10:42  Hydralisk x3  
  154  10:46  Hydralisk  
  162  10:53  Hydralisk x3  
  168  10:58  Hatchery  
  168  11:02  Queen  
  165  11:06  Baneling x22  
  165  11:07  Zergling x24  
  173  11:13  Hive  
  173  11:15  Hydralisk x3  
  173  11:17  Baneling x3  
  175  11:19  Zergling x2  
  176  11:26  Drone  
  176  11:27  Drone x5  
  176  11:31  Spine Crawler  
  181  11:35  Zergling x8  
  181  11:37  Spore Crawler  
  181  11:39  Zergling x6  
  187  11:40  Spine Crawler  
  186  11:49  Zergling x6  
  188  11:54  Zergling x10  
  188  11:58  Zergling x6, Hatchery  
  195  12:06  Baneling  
  195  12:07  Baneling x6  
  195  12:08  Baneling  
  195  12:09  Baneling x4  
  195  12:11  Zergling x2  
  195  12:12  Zergling x4  
  195  12:14  Baneling x3  
  198  12:18  Zergling x4  
  177  12:34  Zergling x2  
  177  12:35  Zergling x30  
  180  12:40  Adrenal Glands, Zerg Melee Weapons Level 3  
  180  12:41  Zergling x6  
  180  12:42  Zergling x8  
  180  12:43  Baneling x4  
  186  12:48  Zergling x6  
  189  12:52  Spire, Overlord  
  189  12:53  Overseer x2  
  189  12:57  Overseer, Baneling x8  
  188  13:01  Zergling x6  
  191  13:09  Zergling x12  
  197  13:14  Drone  
  197  13:15  Drone  
  197  13:16  Spine Crawler  
  197  13:17  Spore Crawler, Drone  
  193  13:27  Drone x5  
  193  13:28  Drone x3  
  193  13:32  Baneling x16  
  193  13:33  Baneling x2  
  192  13:49  Zergling x16  
  185  14:04  Zergling x2  
  185  14:05  Zergling x44  
  192  14:11  Hydralisk x2  
  192  14:16  Hydralisk x6  
  188  14:23  Hydralisk x3  
  176  14:27  Hydralisk x6  
  176  14:29  Baneling x10  
  176  14:30  Baneling x2  
  188  14:33  Zergling x2  
  188  14:34  Zergling x6  
  188  14:37  Zergling x6  
  195  14:43  Zergling x6  
  195  14:45  Baneling x13  
  198  14:46  Zergling x4  
  200  14:56  Baneling x7  
  200  14:57  Baneling  

Tags
 
Add a new tag
Caveats
  • Supply blocks, unpowered buildings, or Contaminate may cause inaccurate times.
  • Supply counts are checked every 10 seconds.